AoeStats
← HR nomadplayer

Pilgrims

507373561Analyzed
4v4 RM · 14d ago on Sep 17, 2026· 23m 18s· 8 players
Game mode
Random Map
Map size
Large (8 player)
Population
200
Speed
Normal
Resources
Standard
Victory
Conquest
Starting age
Dark Age
Ending age
Imperial Age
RankedLock teamsTeams togetherTeam positionsShared explorationLock speedFull tech treeHidden civsTurbo modeCheats
Victory
Defeat
🇨🇱 Wu · Chile
1797
+6
🇦🇷 Italians · Argentina
1621
+12
🇦🇷 Huns · Argentina
1610
+12
🇨🇱 Japanese · Chile
1522
+15
🇵🇹 Sicilians · Portugal
1624
-15
🇲🇽 Ethiopians · Mexico
1524
-11
🇨🇴 Burmese · Colombia
1488
-10
🇲🇽 Spanish · Mexico
1466
-9
Kant be real
5:07 Loom
10:47 Feudal Age
12:03 Double-Bit Axe
14:08 Fletching
21:51 Castle Age
22:39 Bodkin Arrow
[MGG] JP
7:13 Loom
10:22 Feudal Age
11:09 Double-Bit Axe
13:55 Fletching
22:04 Castle Age
22:50 Bodkin Arrow
23:35 Medium Warships
HR nomadplayer
7:45 Loom
9:55 Feudal Age
15:20 Castle Age
15:09 Forging
16:10 Medium Warships
16:16 Double-Bit Axe
20:35 Horse Collar
EL_REY_TUT
6:18 Loom
10:46 Feudal Age
14:41 Castle Age
12:53 Double-Bit Axe
14:51 Stone Mining
14:44 Fishing Lines
15:12 Town Watch
15:39 Bow Saw
18:55 Fletching
CAXCAN
4:31 Loom
11:16 Feudal Age
12:59 Double-Bit Axe
15:47 Fletching
16:57 Wheelbarrow
22:58 Castle Age
MZTK | KaLiuM
5:25 Loom
10:36 Feudal Age
13:14 Wheelbarrow
18:49 Castle Age
18:24 Bloodlines
18:28 Scale Barding Armor
18:18 Gold Mining
20:29 Husbandry
21:26 Chain Barding Armor
AZG021113
3:10 Loom
9:19 Feudal Age
12:16 Town Watch
22:56 Castle Age
22:34 Forging
oSetinhas
10:31 Feudal Age
10:12 Loom
11:43 Town Watch
14:07 Double-Bit Axe
15:29 Fishing Lines
20:11 Castle Age
18:35 Gold Mining
20:35 Wheelbarrow
21:33 Fletching
Connection lost

Rejoining the realm…

Still unreachable

The connection could not be restored.

Session expired

The server has moved on; the page needs a fresh start.